 Dungeon Crawl Stone Soup version 0.30-a0-738-g116ff8c4af (webtiles) character file.

Game seed: 8954928850482366814

67 DeathSun the Ruffian (level 3, 0/28 HPs)
             Began as a Draconian Transmuter on Feb 3, 2023.
             Slain by a quokka (1 damage)
             ... on level 2 of the Dungeon.
             The game lasted 00:02:09 (930 turns).

DeathSun the Ruffian (Draconian Transmuter)          Turns: 930, Time: 00:02:09

Health: 0/28       AC:  5    Str: 14    XL:     3   Next: 98%
Magic:  5/6        EV: 12    Int: 19    God:
Gold:   76         SH:  0    Dex: 11    Spells: 5/6 levels left

rFire   . . .      SeeInvis .      - Unarmed
rCold   . . .      Faith    .    (no shield)
rNeg    . . .      Spirit   .    (body armour unavailable)
rPois   .          Reflect  .    (helmet currently unavailable)
rElec   .          Harm     .    (no cloak)
rCorr   .          Rampage  .    (no gloves)
Will    .....                    (boots currently unavailable)
Stlth   +                        (no amulet)
HPRegen 0.24/turn                i - +6 ring of intelligence
MPRegen 0.10/turn                (no ring)

@: appendages
A: horns 2, talons 2, AC +5, unfitting armour, cold-blooded
a: End Transformation


You were on level 2 of the Dungeon.
You had temporarily grown beastly horns and talons.
You visited 1 branch of the dungeon, and saw 2 of its levels.

You collected 76 gold pieces.

Inventory:

Jewellery
 i - a +6 ring of intelligence (left hand)
Scrolls
 d - 2 scrolls of teleportation {unknown}
 e - 3 scrolls of identify {unknown}
 g - a scroll of poison {unknown}
 h - a scroll of immolation {unknown}
 k - a scroll of noise {unknown}
Potions
 a - a potion of lignification
 b - a potion of might {unknown}
 c - 2 potions of flight {unknown}
 f - a potion of curing {unknown}
 j - a potion of resistance {unknown}


   Skills:
 - Level 1.1 Fighting
 - Level 1.7 Dodging
 * Level 4.3 Unarmed Combat
 - Level 2.0 Spellcasting
 + Level 2.9 Transmutations


You had 5 spell levels left.
You knew the following spells:

 Your Spells              Type           Power      Damage    Failure   Level
a - Beastly Appendage     Tmut           26%        N/A       4%          1

Your spell library contained the following spells:

 Spells                   Type           Power      Damage    Failure   Level
 Wereblood                Tmut           13%        N/A       8%          2
 Spider Form              Tmut/Pois      7%         N/A       28%         3
 Ice Form                 Ice/Tmut       7%         N/A       67%         4


Dungeon Overview and Level Annotations

Branches:
Dungeon (2/15)

Altars:


Innate Abilities, Weirdness & Mutations

You have temporarily grown beastly horns and talons.
Your plain brown scales are hard. (AC +5)
You cannot fit into any form of body armour.
You are cold-blooded and may be slowed by cold attacks.


Message History

You barely miss the ball python. Your kick misses the ball python.
Your tail-slap misses the ball python.
The ball python is severely wounded.
The gnoll hits you with a +0 whip.
The ball python bites you but does no damage.
The ball python constricts you.
You are too injured to fight recklessly!
You are too injured to fight recklessly!
You are too injured to fight recklessly!
You completely miss the gnoll.
You tail-slap the gnoll, but do no damage.
The ball python barely misses you. The ball python constricts you.
A gnoll comes into view.
It is wielding a +0 halberd and quivering poisoned darts.
The gnoll hits you with a +0 whip.
You closely miss the gnoll.
The gnoll shouts!
You claw the gnoll. You headbutt the gnoll.
The gnoll is severely wounded.
The ball python barely misses you. The ball python constricts you.
The gnoll hits you but does no damage.
You barely miss the ball python.
The ball python is severely wounded.
The ball python closely misses you. The ball python constricts you.
The gnoll barely misses you.
The gnoll hits you from afar with a +0 halberd.
* * * LOW HITPOINT WARNING * * *
You hit the ball python.
You kill the ball python!
The gnoll barely misses you. The gnoll hits you with a +0 whip.
* * * LOW HITPOINT WARNING * * *
You hit the quokka. Your headbutt misses the quokka.
The quokka is lightly wounded.
The quokka closely misses you. The gnoll hits you but does no damage.
The gnoll hits you with a +0 whip.
* * * LOW HITPOINT WARNING * * *
You miss the quokka. Your kick misses the quokka.
Your headbutt misses the quokka.
The quokka is lightly wounded.
The quokka bites you.
You die...

#..........##.#
#..........##.# .......
..........##.# .......
### ########.##.# .......
..##########.##.# .......
..#.............# .......
..#.########.#### .......
..#.########.#####.......
................@r......#
...............g#######.#
..#.########.##g# ....#
#.##.# ..### #..... ###
####.## #.# #.# ...


You could see 2 gnolls and a quokka.

Vanquished Creatures
  2 gnolls
  An adder (D:2)
  A dart slug (D:1)
  3 ball pythons
  6 endoplasms (D:1)
  2 giant cockroaches (D:1)
  3 hobgoblins (D:1)
  4 jackals (D:1)
  2 quokkas
  A bat (D:2)
  2 frilled lizards (D:1)
  4 goblins
  A kobold (D:1)
  2 rats
34 creatures vanquished.

Notes
Turn   | Place    | Note
-------+----------+-------------------------------------------
     0 | D:1      | DeathSun the Draconian Transmuter began the quest for the
                  | Orb.
     0 | D:1      | Reached XP level 1. HP: 16/16 MP: 3/3
    75 | D:1      | Reached XP level 2. HP: 23/23 MP: 3/5
   271 | D:1      | Reached XP level 3. HP: 28/28 MP: 3/6
   561 | D:1      | Reached skill level 4 in Unarmed Combat
   929 | D:2      | HP: 1/28 [gnoll/+0 whip (5)]
   930 | D:2      | Slain by a quokka

Illustrated notes

Levels and vault maps discovered:
D:1:      reono_arrival_mine, layout_basic, kennysheep_pointless_box
D:2:      layout_basic

Skill      XL: |  1  2  3 |
---------------+----------+-----
Unarmed Combat | 4 |  4.3
Fighting       | |  1.1
Dodging        | |  1.7
Spellcasting   | |  2.0
Transmutations | |  2.9

Action                     || total
---------------------------++-------
  Melee: Unarmed           ||    86
         Headbutt          ||    13
         Tailslap          ||    11
         Kick              ||    16
   Cast: Beastly Appendage ||    20
 Armour: Skin              ||    32
  Dodge: Dodged            ||    51

Table legend: (Time is in decaauts)
 A = Elapsed time spent in this place.
 B = Non-inter-level travel time spent in this place.
 C = Inter-level travel time spent in this place.
 D = Time resting spent in this place.
 E = Time spent auto-exploring this place.
 F = Levels seen in this place.
 G = Mean time per level.
                   A        B        C        D        E       F      G
               +--------+--------+--------+--------+--------+-----+--------+
         Total |    926 |    908 |     18 |      0 |    722 |   2 |  463.0 |
       Dungeon |    926 |    908 |     18 |      0 |    722 |   2 |  463.0 |
               +--------+--------+--------+--------+--------+-----+--------+

Top non-repeatable levels by time:
     D:1: 796 daAuts
     D:2: 129 daAuts
